cohdb
Replays
Latest Replays
All Replays
Popular Replays
Top Player Replays
Match Explorer
How It Works
Community
CoH3 Stats
Reddit
Sign in to upload your games and track your stats! →
Sign in with Steam
Match 39895844
Unlisted
Match 39895844
Overview
Messages
Build Orders
End
Construct Infanterie Kompanie
Selects Terror Battlegroup
Selects Machine Gun Camouflage
Kettenkrad Recon Vehicle
MG 42 Machine Gun Team
MG 42 Machine Gun Team
Construct Panzergrenadier Kompanie
Selects Interrogate
251 Medium Carrier
Panzergrenadier Squad
Medical Bunker
Panzergrenadier Squad
Panzergrenadier Squad
Support Elements
Dolfine
Putiin
Karl Müller
只想养群猪
KoMoDЫ4
spring
PiffaWiff
爱玩原农锤的素食女权主义跨性别黑人男同
0
0
Comments
sign in to comment!
No comments posted yet!